Penguins vs Rangers
Created - November 27, 2019 at 19:21
Goals
|
| Penguins |
0 |
3 |
1 |
4 |
| Rangers |
2 |
1 |
0 |
3 |
|
Shots
|
| Penguins |
15 |
12 |
13 |
40 |
| Rangers |
9 |
15 |
6 |
30 |
|
1st period
1. Rangers , James Neal 9 (Maxime Sauvé 2, Matt Greene 3) at 15:16
2. Rangers , Jakob Silfverberg 13 (Sean Couturier 11, Milan Lucic 17) at 19:57
Penalties :
James Neal (NYR) for Hooking (Minor) at 12:33
2nd period
3. Penguins , Wayne Simmonds 6 (Ryan O'Reilly 7) at 1:13
4. Penguins , Joe Colborne 4 (Kurtis Foster 4, Marcus Foligno 2) at 4:10
5. Rangers , Kyle Okposo 8 (Chris Bourque 5, Luke Schenn 11) at 15:36
6. Penguins , Cal Clutterbuck 3 (Logan Couture 5) at 19:54
Penalties :
Milan Lucic (NYR) for Interference (Minor) at 6:07, Logan Couture (Pit) for Interference (Minor) at 10:33, Matt Read (NYR) for Cross-checking (Minor) at 13:07
3rd period
7. Penguins , Marcus Foligno 2 (Joe Colborne 3, Cal Clutterbuck 1) at 1:26
Penalties :
Eric Gryba (Pit) for Charging (Minor) at 7:07, Andrew Cogliano (Pit) for Tripping (Minor) at 11:55, Wayne Simmonds (Pit) for Tripping (Minor) at 18:56
Goalie Stats
Sergei Bobrovsky (Pit), 27 saves from 30 shots - (0.900), W, 2-2-0, 60:00 minutes
Mike Condon (NYR), 36 saves from 40 shots - (0.900), L, 1-2-2, 58:47 minutes
Players Stats for Penguins
Player Name G A P +/- PIM S H SB GA TA FO MP PP MP PK MP
------------------------------------------------------------------------------------
Ales Hemsky 0 0 0 2 0 6 2 2 0 1 0/0 12:46 1:40 0:00
Andrew Cogliano 0 0 0 -1 2 0 1 0 0 0 0/2 21:15 3:08 2:14
Brady Skjei 0 0 0 1 0 0 1 1 0 1 0/0 19:11 2:12 0:40
Cal Clutterbuck 1 1 2 1 0 4 3 0 0 0 0/0 10:24 0:00 0:00
Dany Heatley 0 0 0 1 0 0 0 0 0 0 0/0 12:42 0:34 1:32
Dustin Brown 0 0 0 0 0 0 1 0 0 0 0/1 6:06 1:06 0:00
Eric Gryba 0 0 0 1 2 0 0 1 0 0 0/0 14:06 0:00 2:04
Joe Colborne 1 1 2 2 0 3 0 0 0 0 5/8 10:39 0:00 0:12
Keith Aulie 0 0 0 -1 0 1 0 2 2 0 0/0 27:23 3:45 4:16
Kurtis Foster 0 1 1 1 0 3 1 0 0 0 0/0 21:32 2:12 2:44
Logan Couture 0 1 1 1 2 6 0 0 0 0 10/12 15:21 0:42 1:06
Marcus Foligno 1 1 2 2 0 4 1 0 0 0 0/0 10:38 0:00 0:11
Roman Josi 0 0 0 1 0 1 0 1 0 0 0/0 11:05 0:00 0:00
Ryan O'Reilly 0 1 1 -1 0 0 2 0 1 0 4/6 14:39 2:48 1:42
Sean Zimmerman 0 0 0 -1 0 2 2 2 0 1 0/0 27:23 3:45 4:16
Steven Stamkos 0 0 0 -1 0 6 0 0 0 0 19/36 23:41 3:09 4:00
Teuvo Teravainen 0 0 0 -1 0 0 0 0 0 0 0/0 12:21 2:15 0:00
Wayne Simmonds 1 0 1 -2 2 4 2 1 0 0 0/0 21:44 2:29 3:03
Players Stats for Rangers
Player Name G A P +/- PIM S H SB GA TA FO MP PP MP PK MP
------------------------------------------------------------------------------------
Artem Anisimov 0 0 0 -2 0 0 0 0 0 0 1/3 7:57 0:00 1:22
Cam Barker 0 0 0 -2 0 0 0 3 0 0 0/0 26:11 2:52 3:25
Chris Bourque 0 1 1 -1 0 4 0 0 0 0 0/0 14:08 0:03 1:33
Colten Teubert 0 0 0 0 0 3 0 0 0 0 0/0 14:13 0:00 2:32
Gustav Nyquist 0 0 0 -2 0 1 0 0 1 0 0/0 10:43 4:08 0:00
Jakob Silfverberg 1 0 1 0 0 4 3 0 0 1 2/3 18:50 3:39 0:00
James Neal 1 0 1 2 2 6 1 0 0 0 0/0 16:07 3:18 0:05
Kyle Okposo 1 0 1 1 0 3 2 2 0 0 0/0 15:12 3:18 0:00
Luke Schenn 0 1 1 -1 0 2 3 4 1 1 0/0 26:26 4:08 2:32
Magnus Paajarvi-Svensson 0 0 0 -2 0 0 0 0 0 0 1/1 7:26 0:00 0:51
Mark Fistric 0 0 0 1 0 1 0 2 0 0 0/0 22:41 2:52 3:25
Matt Greene 0 1 1 1 0 0 0 1 0 1 0/0 15:28 0:00 0:00
Matt Read 0 0 0 -1 2 2 0 0 0 0 0/1 13:08 0:03 0:34
Maxime Sauvé 0 1 1 0 0 0 2 1 0 0 7/14 16:29 0:10 3:03
Milan Lucic 0 1 1 1 2 3 0 0 0 0 1/2 21:46 3:39 2:06
Patrik Nemeth 0 0 0 -1 0 0 0 0 1 0 0/0 10:53 0:00 0:00
Sean Couturier 0 1 1 0 0 1 7 2 0 0 11/31 20:43 3:32 2:00
Tomas Hertl 0 0 0 1 0 0 1 0 0 0 4/10 15:39 3:18 0:20
3 Stars
1 - Marcus Foligno (Pit)
2 - Cal Clutterbuck (Pit)
3 - Joe Colborne (Pit)
Power Play
Penguins - 0 on 3 Attempt(s) - 0.00%
Rangers - 0 on 4 Attempt(s) - 0.00%
Penalty Kill
Penguins - 4 on 4 Attempt(s) - 100.00%
- Score 0 goal in Penalty Kill
Rangers - 3 on 3 Attempt(s) - 100.00%
- Score 0 goal in Penalty Kill
Team Stat
Penguins - Hits : 16 - Faceoff Wins : 38 - Blocked Shots : 10 - Penalty Minutes : 8
Rangers - Hits : 19 - Faceoff Wins : 27 - Blocked Shots : 15 - Penalty Minutes : 6
Official
Referees : Unknown
Linesman : Unknown
Game Notes
Dustin Brown is injured at 16:50 of 1st period (Bruised Right Leg)
Finance
Level 1 -- Attendance: 6000 (100.00%) -- Ticket Income $570,000
Level 2 -- Attendance: 5000 (100.00%) -- Ticket Income $300,000
Level 3 -- Attendance: 2000 (100.00%) -- Ticket Income $70,000
Level 4 -- Attendance: 3735 (93.38%) -- Ticket Income $93,375
Luxury Box -- Attendance: 1000 (100.00%) -- Ticket Income $180,000
Game was played at the Madison Square Garden.
Total Attendance: 17735 (98.53%)
Total Ticket Income: $1,213,375
Other Income: $182,006
Total Income: $1,395,381
Penguins
5 vs 5 Forward
Center Left Wing Right Wing Time % Phy DF OF
1 Steven Stamkos Andrew Cogliano Dustin Brown 40 1 2 2
2 Ryan O'Reilly Teuvo Teravainen Wayne Simmonds 30 1 2 2
3 Logan Couture Dany Heatley Cal Clutterbuck 20 1 2 2
4 Joe Colborne Marcus Foligno Ales Hemsky 10 1 2 2
5 vs 5 Defense
Defense Defense Time % Phy DF OF
1 Sean Zimmerman Keith Aulie 44 1 2 2
2 Kurtis Foster Brady Skjei 33 1 2 2
3 Roman Josi Eric Gryba 23 1 2 2
4 Sean Zimmerman Keith Aulie 0 1 2 2
PowerPlay Forward
Center Left Wing Right Wing Time % Phy DF OF
1 Steven Stamkos Andrew Cogliano Dustin Brown 60 0 1 4
2 Ryan O'Reilly Teuvo Teravainen Wayne Simmonds 40 0 1 4
PowerPlay Defense
Defense Defense Time % Phy DF OF
1 Sean Zimmerman Keith Aulie 60 1 1 3
2 Kurtis Foster Brady Skjei 40 1 1 3
Penalty Kill 4 Players Forward
Center Wing Time % Phy DF OF
1 Steven Stamkos Wayne Simmonds 60 1 4 0
2 Logan Couture Andrew Cogliano 40 1 4 0
Penalty Kill 4 Players Defense
Defense Defense Time % Phy DF OF
1 Sean Zimmerman Keith Aulie 60 1 4 0
2 Kurtis Foster Eric Gryba 40 1 4 0
Penalty Kill - 3 Players Forward
Forward Time % Phy DF OF
1 Wayne Simmonds 60 1 4 0
2 Cal Clutterbuck 40 1 4 0
Penalty Kill - 3 Players Defense
Defense Defense Time % Phy DF OF
1 Sean Zimmerman Keith Aulie 60 1 4 0
2 Kurtis Foster Eric Gryba 40 1 4 0
4 vs 4 Forward
Center Wing Time % Phy DF OF
1 Steven Stamkos Andrew Cogliano 60 1 1 3
2 Ryan O'Reilly Wayne Simmonds 40 1 1 3
4 vs 4 Defense
Defense Defense Time % Phy DF OF
1 Sean Zimmerman Keith Aulie 60 1 2 2
2 Kurtis Foster Brady Skjei 40 1 2 2
Last Minutes Offensive
Center Left Wing Right Wing Defense Defense
Steven Stamkos Andrew Cogliano Dustin Brown Sean Zimmerman Keith Aulie
Last Minutes Defensive
Center Left Wing Right Wing Defense Defense
Steven Stamkos Andrew Cogliano Wayne Simmonds Sean Zimmerman Keith Aulie
Goaltenders
Starting : Sergei Bobrovsky
Backup : Michal Neuvirth
Extra Forwards
Normal : Steven Stamkos, Wayne Simmonds, Logan Couture - PP : Steven Stamkos, Ryan O'Reilly - PK : Wayne Simmonds
Extra Defensemen
Normal : Sean Zimmerman, Kurtis Foster, Eric Gryba - PP : Keith Aulie - PK : Sean Zimmerman, Eric Gryba
Penalty Shots
Andrew Cogliano, Steven Stamkos, Wayne Simmonds, Ryan O'Reilly, Teuvo Teravainen
Scratches
Paul Ranger (Healthy), Riley Armstrong (Healthy)
Rangers
5 vs 5 Forward
Center Left Wing Right Wing Time % Phy DF OF
1 Sean Couturier Milan Lucic Jakob Silfverberg 40 1 2 2
2 Tomas Hertl James Neal Kyle Okposo 30 1 2 2
3 Maxime Sauvé Chris Bourque Matt Read 20 1 2 2
4 Artem Anisimov Magnus Paajarvi-Svensson Gustav Nyquist 10 1 2 2
5 vs 5 Defense
Defense Defense Time % Phy DF OF
1 Luke Schenn Cam Barker 40 1 2 2
2 Mark Fistric Matt Greene 30 1 2 2
3 Colten Teubert Patrik Nemeth 20 1 2 2
4 Luke Schenn Cam Barker 10 1 2 2
PowerPlay Forward
Center Left Wing Right Wing Time % Phy DF OF
1 Sean Couturier Milan Lucic Jakob Silfverberg 60 1 2 2
2 Tomas Hertl James Neal Kyle Okposo 40 1 2 2
PowerPlay Defense
Defense Defense Time % Phy DF OF
1 Luke Schenn Gustav Nyquist 60 1 2 2
2 Cam Barker Mark Fistric 40 1 2 2
Penalty Kill 4 Players Forward
Center Wing Time % Phy DF OF
1 Maxime Sauvé Milan Lucic 60 1 2 2
2 Matt Read Artem Anisimov 40 1 2 2
Penalty Kill 4 Players Defense
Defense Defense Time % Phy DF OF
1 Cam Barker Mark Fistric 60 1 2 2
2 Luke Schenn Colten Teubert 40 1 2 2
Penalty Kill - 3 Players Forward
Forward Time % Phy DF OF
1 Maxime Sauvé 60 1 2 2
2 Matt Read 40 1 2 2
Penalty Kill - 3 Players Defense
Defense Defense Time % Phy DF OF
1 Cam Barker Mark Fistric 60 1 2 2
2 Luke Schenn Colten Teubert 40 1 2 2
4 vs 4 Forward
Center Wing Time % Phy DF OF
1 Tomas Hertl Gustav Nyquist 60 1 2 2
2 Sean Couturier Milan Lucic 40 1 2 2
4 vs 4 Defense
Defense Defense Time % Phy DF OF
1 Mark Fistric Colten Teubert 60 1 2 2
2 Matt Greene Patrik Nemeth 40 1 2 2
Last Minutes Offensive
Center Left Wing Right Wing Defense Defense
Sean Couturier Milan Lucic Jakob Silfverberg Luke Schenn James Neal
Last Minutes Defensive
Center Left Wing Right Wing Defense Defense
Matt Read Jakob Silfverberg Kyle Okposo Cam Barker Mark Fistric
Goaltenders
Starting : Mike Condon
Backup : Frederik Andersen
Extra Forwards
Normal : Milan Lucic, Jakob Silfverberg, Kyle Okposo - PP : Milan Lucic, Jakob Silfverberg - PK : Milan Lucic
Extra Defensemen
Normal : Mark Fistric, Cam Barker, Luke Schenn - PP : Mark Fistric - PK : Cam Barker, Mark Fistric
Penalty Shots
Milan Lucic, Jakob Silfverberg, Kyle Okposo, Sean Couturier, Matt Read
Scratches
Alexei Emelin (Healthy), Patrice Bergeron (Healthy)
% Time on Ice - Penguins
Lines # - Real PCT - Wanted PCT - Time Play
Normal Forward
1 - 35% - 40% - 16:35
2 - 21% - 30% - 10:06
3 - 21% - 20% - 9:55
4 - 22% - 10% - 10:27
Normal Defense
1 - 41% - 44% - 19:22
2 - 35% - 33% - 16:36
3 - 24% - 23% - 11:05
4 - 0% - 0% - 0:00
PP Forward
1 - 62% - 60% - 3:42
2 - 38% - 40% - 2:15
PP Defense
1 - 63% - 60% - 3:45
2 - 37% - 40% - 2:12
PK Forward
1 - 81% - 60% - 5:42
2 - 19% - 40% - 1:18
PK Defense
1 - 61% - 60% - 4:16
2 - 39% - 40% - 2:44
PK3 Forward
1 - 0% - 60%
2 - 0% - 40%
PK3 Defense
1 - 0% - 60%
2 - 0% - 40%
44 Forward
1 - 0% - 60%
2 - 0% - 40%
44 Defense
1 - 0% - 60%
2 - 0% - 40%
Last Minute Offensive - 0:00
Last Minute Defensive - 0:00
Total
Forward - 60:00
Defense - 60:00
|
% Time on Ice - Rangers
Lines # - Real PCT - Wanted PCT - Time Play
Normal Forward
1 - 35% - 40% - 16:38
2 - 25% - 30% - 11:54
3 - 25% - 20% - 11:56
4 - 14% - 10% - 6:35
Normal Defense
1 - 38% - 40% - 17:40
2 - 36% - 30% - 17:03
3 - 23% - 20% - 10:53
4 - 3% - 10% - 1:27
PP Forward
1 - 53% - 60% - 3:42
2 - 47% - 40% - 3:18
PP Defense
1 - 59% - 60% - 4:08
2 - 41% - 40% - 2:52
PK Forward
1 - 77% - 60% - 4:35
2 - 23% - 40% - 1:22
PK Defense
1 - 57% - 60% - 3:25
2 - 43% - 40% - 2:32
PK3 Forward
1 - 0% - 60%
2 - 0% - 40%
PK3 Defense
1 - 0% - 60%
2 - 0% - 40%
44 Forward
1 - 0% - 60%
2 - 0% - 40%
44 Defense
1 - 0% - 60%
2 - 0% - 40%
Last Minute Offensive - 0:00
Last Minute Defensive - 0:00
Total
Forward - 60:00
Defense - 60:00
|
Play-by-Play
1st period
0:01 of 1st period - Sean Couturier wins face-off versus Steven Stamkos in neutral zone.
0:16 of 1st period - Snap shot by Steven Stamkos.
0:16 of 1st period - Stopped by Mike Condon with a rebound.
0:26 of 1st period - Wayne Simmonds is hit by Kyle Okposo and loses puck.
0:35 of 1st period - Wrist shot by Wayne Simmonds.
0:35 of 1st period - Stopped by Mike Condon with a rebound.
0:45 of 1st period - Logan Couture is hit by Luke Schenn and loses puck.
1:10 of 1st period - Wrist shot by Joe Colborne.
1:10 of 1st period - Shot Misses the Net.
1:30 of 1st period - Wrist shot by Marcus Foligno.
1:30 of 1st period - Stopped by Mike Condon without a rebound.
1:31 of 1st period - Joe Colborne wins face-off versus Sean Couturier in Rangers zone.
1:32 of 1st period - Wrist shot by Ales Hemsky.
1:32 of 1st period - Stopped by Mike Condon without a rebound.
1:33 of 1st period - Joe Colborne wins face-off versus Tomas Hertl in Rangers zone.
1:38 of 1st period - Slapshot by Marcus Foligno.
1:38 of 1st period - Shot Blocked by Kyle Okposo.
1:40 of 1st period - Slapshot by Eric Gryba.
1:40 of 1st period - Shot Misses the Net.
1:42 of 1st period - Backhand shot by Ales Hemsky.
1:42 of 1st period - Stopped by Mike Condon without a rebound.
1:43 of 1st period - Tomas Hertl wins face-off versus Ryan O'Reilly in Rangers zone.
2:06 of 1st period - Wrist shot by James Neal.
2:06 of 1st period - Stopped by Sergei Bobrovsky with a rebound.
2:08 of 1st period - Slapshot by Patrik Nemeth.
2:08 of 1st period - Shot Misses the Net.
2:10 of 1st period - Snap shot by James Neal.
2:10 of 1st period - Shot Blocked by Wayne Simmonds.
2:18 of 1st period - Wrist shot by Kyle Okposo.
2:18 of 1st period - Stopped by Sergei Bobrovsky without a rebound.
2:19 of 1st period - Steven Stamkos wins face-off versus Sean Couturier in Penguins zone.
2:19 of 1st period - Steven Stamkos is hit by Sean Couturier.
2:33 of 1st period - Snap shot by Steven Stamkos.
2:33 of 1st period - Stopped by Mike Condon without a rebound.
2:34 of 1st period - Logan Couture wins face-off versus Maxime Sauvé in Rangers zone.
3:00 of 1st period - Milan Lucic is hit by Ryan O'Reilly and loses puck.
3:43 of 1st period - Snap shot by Joe Colborne.
3:43 of 1st period - Shot Misses the Net.
3:50 of 1st period - Off-side.
3:51 of 1st period - Logan Couture wins face-off versus Sean Couturier in neutral zone.
4:18 of 1st period - Matt Greene is hit by Dustin Brown and loses puck.
4:33 of 1st period - Cam Barker is hit by Andrew Cogliano.
5:34 of 1st period - Slapshot by Artem Anisimov.
5:34 of 1st period - Shot Blocked by Ales Hemsky.
5:36 of 1st period - Slapshot by Mark Fistric.
5:36 of 1st period - Stopped by Sergei Bobrovsky without a rebound.
5:37 of 1st period - Magnus Paajarvi-Svensson wins face-off versus Steven Stamkos in Penguins zone.
6:32 of 1st period - Wrist shot by Cal Clutterbuck.
6:32 of 1st period - Deflect By Logan Couture.
6:32 of 1st period - Shot Blocked by Luke Schenn.
6:32 of 1st period - Puck is out of play.
6:33 of 1st period - Steven Stamkos wins face-off versus Sean Couturier in Rangers zone.
6:36 of 1st period - Snap shot by Dustin Brown.
6:36 of 1st period - Shot Misses the Net.
6:42 of 1st period - Wrist shot by Andrew Cogliano.
6:42 of 1st period - Shot Misses the Net.
6:44 of 1st period - Wrist shot by Sean Zimmerman.
6:44 of 1st period - Stopped by Mike Condon without a rebound.
6:45 of 1st period - Jakob Silfverberg wins face-off versus Dustin Brown in Rangers zone.
6:58 of 1st period - Wrist shot by Andrew Cogliano.
6:58 of 1st period - Shot Misses the Net.
7:40 of 1st period - Snap shot by Ales Hemsky.
7:40 of 1st period - Stopped by Mike Condon with a rebound.
7:42 of 1st period - Slapshot by Sean Zimmerman.
7:42 of 1st period - Stopped by Mike Condon without a rebound.
7:43 of 1st period - Sean Couturier wins face-off versus Steven Stamkos in Rangers zone.
7:48 of 1st period - Slapshot by Sean Couturier.
7:48 of 1st period - Shot Misses the Net.
7:50 of 1st period - Wrist shot by Milan Lucic.
7:50 of 1st period - Shot Blocked by Brady Skjei.
8:43 of 1st period - Wrist shot by Logan Couture.
8:43 of 1st period - Stopped by Mike Condon with a rebound.
9:24 of 1st period - Wrist shot by Milan Lucic.
9:24 of 1st period - Stopped by Sergei Bobrovsky without a rebound.
9:25 of 1st period - Sean Couturier wins face-off versus Ryan O'Reilly in Penguins zone.
9:30 of 1st period - Snap shot by Sean Couturier.
9:30 of 1st period - Shot Misses the Net.
10:13 of 1st period - Wrist shot by Logan Couture.
10:13 of 1st period - Stopped by Mike Condon with a rebound.
10:15 of 1st period - Slapshot by Keith Aulie.
10:15 of 1st period - Stopped by Mike Condon without a rebound.
10:16 of 1st period - Logan Couture wins face-off versus Jakob Silfverberg in Rangers zone.
10:21 of 1st period - Slapshot by Cal Clutterbuck.
10:21 of 1st period - Shot Blocked by Sean Couturier.
10:23 of 1st period - Slapshot by Logan Couture.
10:23 of 1st period - Shot Misses the Net.
10:29 of 1st period - Wrist shot by Logan Couture.
10:29 of 1st period - Stopped by Mike Condon with a rebound.
10:35 of 1st period - Slapshot by Logan Couture.
10:35 of 1st period - Shot Misses the Net.
10:52 of 1st period - Wrist shot by Logan Couture.
10:52 of 1st period - Stopped by Mike Condon without a rebound.
10:53 of 1st period - Tomas Hertl wins face-off versus Steven Stamkos in Rangers zone.
12:21 of 1st period - Wrist shot by Milan Lucic.
12:21 of 1st period - Shot Misses the Net.
12:33 of 1st period - Minor Penalty to James Neal for Hooking.
12:34 of 1st period - Maxime Sauvé wins face-off versus Andrew Cogliano in Rangers zone.
13:00 of 1st period - Mark Fistric is hit by Ryan O'Reilly and loses puck.
13:13 of 1st period - Luke Schenn is hit by Wayne Simmonds.
13:54 of 1st period - Snap shot by Sean Couturier.
13:54 of 1st period - Stopped by Sergei Bobrovsky with a rebound.
14:13 of 1st period - Icing by Andrew Cogliano.
14:14 of 1st period - Steven Stamkos wins face-off versus Matt Read in Penguins zone.
14:33 of 1st period - Penalty to James Neal is over, James Neal is back on ice.
14:58 of 1st period - Icing by Matt Greene.
14:59 of 1st period - Joe Colborne wins face-off versus Maxime Sauvé in Rangers zone.
15:16 of 1st period - Wrist shot by James Neal.
15:16 of 1st period - Goal by James Neal - Penguins : 0 - Rangers : 1.
15:17 of 1st period - Tomas Hertl wins face-off versus Steven Stamkos in neutral zone.
15:28 of 1st period - Snap shot by Kyle Okposo.
15:28 of 1st period - Shot Misses the Net.
15:48 of 1st period - Wrist shot by Ryan O'Reilly.
15:48 of 1st period - Shot Blocked by Luke Schenn.
15:50 of 1st period - Wrist shot by Wayne Simmonds.
15:50 of 1st period - Shot Misses the Net.
15:52 of 1st period - Wrist shot by Ryan O'Reilly.
15:52 of 1st period - Shot Blocked by Cam Barker.
15:54 of 1st period - Slapshot by Keith Aulie.
15:54 of 1st period - Shot Blocked by Cam Barker.
16:49 of 1st period - Dustin Brown is hit by Kyle Okposo and loses puck.
16:50 of 1st period - Dustin Brown from Penguins is injured at 16:50 of 1st period (Bruised Right Leg).
16:51 of 1st period - Steven Stamkos wins face-off versus Tomas Hertl in Penguins zone.
16:51 of 1st period - Steven Stamkos is hit by James Neal.
17:07 of 1st period - Snap shot by Steven Stamkos.
17:07 of 1st period - Stopped by Mike Condon with a rebound.
17:28 of 1st period - Snap shot by Logan Couture.
17:28 of 1st period - Shot Misses the Net.
18:20 of 1st period - Luke Schenn is hit by Cal Clutterbuck and loses puck.
18:39 of 1st period - Wrist shot by Andrew Cogliano.
18:39 of 1st period - Shot Blocked by Kyle Okposo.
18:41 of 1st period - Slapshot by Andrew Cogliano.
18:41 of 1st period - Shot Misses the Net.
19:03 of 1st period - Snap shot by Milan Lucic.
19:03 of 1st period - Shot Misses the Net.
19:05 of 1st period - Wrist shot by Jakob Silfverberg.
19:05 of 1st period - Stopped by Sergei Bobrovsky without a rebound.
19:06 of 1st period - Steven Stamkos wins face-off versus Maxime Sauvé in Penguins zone.
19:06 of 1st period - Steven Stamkos is hit by Maxime Sauvé.
19:41 of 1st period - Backhand shot by Matt Read.
19:41 of 1st period - Stopped by Sergei Bobrovsky without a rebound.
19:42 of 1st period - Steven Stamkos wins face-off versus Sean Couturier in Penguins zone.
19:49 of 1st period - Snap shot by Jakob Silfverberg.
19:49 of 1st period - Shot Blocked by Sean Zimmerman.
19:57 of 1st period - Wrist shot by Jakob Silfverberg.
19:57 of 1st period - Goal by Jakob Silfverberg - Penguins : 0 - Rangers : 2.
19:58 of 1st period - Steven Stamkos wins face-off versus Sean Couturier in neutral zone.
Goals for this period are 0 for Penguins vs 2 for Rangers.
Shots for this period are 15 for Penguins vs 9 for Rangers.
2nd period
0:01 of 2nd period - Steven Stamkos wins face-off versus Sean Couturier in neutral zone.
0:47 of 2nd period - Snap shot by Chris Bourque.
0:47 of 2nd period - Shot Misses the Net.
0:49 of 2nd period - Slapshot by Maxime Sauvé.
0:49 of 2nd period - Shot Blocked by Keith Aulie.
1:13 of 2nd period - Snap shot by Wayne Simmonds.
1:13 of 2nd period - Goal by Wayne Simmonds - Penguins : 1 - Rangers : 2.
1:14 of 2nd period - Sean Couturier wins face-off versus Steven Stamkos in neutral zone.
1:27 of 2nd period - Snap shot by Milan Lucic.
1:27 of 2nd period - Deflect By Jakob Silfverberg.
1:27 of 2nd period - Stopped by Sergei Bobrovsky without a rebound.
1:28 of 2nd period - Tomas Hertl wins face-off versus Steven Stamkos in Penguins zone.
1:37 of 2nd period - Snap shot by James Neal.
1:37 of 2nd period - Stopped by Sergei Bobrovsky with a rebound.
1:39 of 2nd period - Snap shot by James Neal.
1:39 of 2nd period - Stopped by Sergei Bobrovsky with a rebound.
1:41 of 2nd period - Snap shot by James Neal.
1:41 of 2nd period - Shot Misses the Net.
1:43 of 2nd period - Slapshot by Luke Schenn.
1:43 of 2nd period - Stopped by Sergei Bobrovsky with a rebound.
2:14 of 2nd period - Snap shot by Joe Colborne.
2:14 of 2nd period - Stopped by Mike Condon with a rebound.
2:16 of 2nd period - Slapshot by Marcus Foligno.
2:16 of 2nd period - Stopped by Mike Condon without a rebound.
2:17 of 2nd period - Maxime Sauvé wins face-off versus Joe Colborne in Rangers zone.
3:30 of 2nd period - Snap shot by Marcus Foligno.
3:30 of 2nd period - Shot Blocked by Matt Greene.
4:02 of 2nd period - Snap shot by Ales Hemsky.
4:02 of 2nd period - Stopped by Mike Condon with a rebound.
4:04 of 2nd period - Slapshot by Marcus Foligno.
4:04 of 2nd period - Deflect By Joe Colborne.
4:04 of 2nd period - Stopped by Mike Condon with a rebound.
4:06 of 2nd period - Slapshot by Marcus Foligno.
4:06 of 2nd period - Shot Misses the Net.
4:08 of 2nd period - Snap shot by Kurtis Foster.
4:08 of 2nd period - Stopped by Mike Condon with a rebound.
4:10 of 2nd period - Wrist shot by Joe Colborne.
4:10 of 2nd period - Goal by Joe Colborne - Penguins : 2 - Rangers : 2.
4:11 of 2nd period - Ryan O'Reilly wins face-off versus Sean Couturier in neutral zone.
5:25 of 2nd period - Icing by Keith Aulie.
5:26 of 2nd period - Sean Couturier wins face-off versus Steven Stamkos in Penguins zone.
5:40 of 2nd period - Wrist shot by Colten Teubert.
5:40 of 2nd period - Stopped by Sergei Bobrovsky without a rebound.
5:41 of 2nd period - Ryan O'Reilly wins face-off versus Tomas Hertl in Penguins zone.
5:51 of 2nd period - Off-side.
5:52 of 2nd period - Steven Stamkos wins face-off versus Sean Couturier in neutral zone.
6:03 of 2nd period - Wrist shot by Steven Stamkos.
6:03 of 2nd period - Stopped by Mike Condon without a rebound.
6:04 of 2nd period - Steven Stamkos wins face-off versus Sean Couturier in Rangers zone.
6:05 of 2nd period - Slapshot by Wayne Simmonds.
6:05 of 2nd period - Shot Misses the Net.
6:07 of 2nd period - Minor Penalty to Milan Lucic for Interference.
6:08 of 2nd period - Steven Stamkos wins face-off versus Maxime Sauvé in Rangers zone.
7:17 of 2nd period - Slapshot by Colten Teubert.
7:17 of 2nd period - Stopped by Sergei Bobrovsky with a rebound.
8:07 of 2nd period - Penalty to Milan Lucic is over, Milan Lucic is back on ice.
9:09 of 2nd period - Snap shot by James Neal.
9:09 of 2nd period - Stopped by Sergei Bobrovsky without a rebound.
9:10 of 2nd period - Maxime Sauvé wins face-off versus Joe Colborne in Penguins zone.
9:13 of 2nd period - Snap shot by Chris Bourque.
9:13 of 2nd period - Stopped by Sergei Bobrovsky without a rebound.
9:14 of 2nd period - Maxime Sauvé wins face-off versus Joe Colborne in Penguins zone.
9:41 of 2nd period - Andrew Cogliano is hit by Jakob Silfverberg and loses puck.
10:29 of 2nd period - Wrist shot by Chris Bourque.
10:29 of 2nd period - Stopped by Sergei Bobrovsky without a rebound.
10:30 of 2nd period - Milan Lucic wins face-off versus Steven Stamkos in Penguins zone.
10:31 of 2nd period - Wrist shot by Jakob Silfverberg.
10:31 of 2nd period - Stopped by Sergei Bobrovsky with a rebound.
10:33 of 2nd period - Minor Penalty to Logan Couture for Interference.
10:34 of 2nd period - Sean Couturier wins face-off versus Steven Stamkos in Penguins zone.
10:47 of 2nd period - Snap shot by Milan Lucic.
10:47 of 2nd period - Shot Misses the Net.
10:49 of 2nd period - Slapshot by Gustav Nyquist.
10:49 of 2nd period - Stopped by Sergei Bobrovsky with a rebound.
10:51 of 2nd period - Slapshot by Gustav Nyquist.
10:51 of 2nd period - Deflect By Milan Lucic.
10:51 of 2nd period - Stopped by Sergei Bobrovsky with a rebound.
12:33 of 2nd period - Penalty to Logan Couture is over, Logan Couture is back on ice.
12:40 of 2nd period - Slapshot by Chris Bourque.
12:40 of 2nd period - Stopped by Sergei Bobrovsky with a rebound.
12:42 of 2nd period - Snap shot by Matt Read.
12:42 of 2nd period - Shot Blocked by Eric Gryba.
12:44 of 2nd period - Wrist shot by Chris Bourque.
12:44 of 2nd period - Stopped by Sergei Bobrovsky without a rebound.
12:45 of 2nd period - Logan Couture wins face-off versus Maxime Sauvé in Penguins zone.
12:45 of 2nd period - Logan Couture is hit by Maxime Sauvé.
13:07 of 2nd period - Minor Penalty to Matt Read for Cross-checking.
13:08 of 2nd period - Maxime Sauvé wins face-off versus Andrew Cogliano in Rangers zone.
13:35 of 2nd period - Ryan O'Reilly is hit by Sean Couturier and loses puck.
13:46 of 2nd period - Cam Barker is hit by Ales Hemsky and loses puck.
14:03 of 2nd period - Milan Lucic is hit by Brady Skjei and loses puck.
15:07 of 2nd period - Penalty to Matt Read is over, Matt Read is back on ice.
15:10 of 2nd period - Icing by Colten Teubert.
15:11 of 2nd period - Logan Couture wins face-off versus Maxime Sauvé in Rangers zone.
15:16 of 2nd period - Wrist shot by Cal Clutterbuck.
15:16 of 2nd period - Stopped by Mike Condon with a rebound.
15:36 of 2nd period - Wrist shot by Kyle Okposo.
15:36 of 2nd period - Goal by Kyle Okposo - Penguins : 2 - Rangers : 3.
15:37 of 2nd period - Steven Stamkos wins face-off versus Sean Couturier in neutral zone.
15:54 of 2nd period - Wrist shot by Steven Stamkos.
15:54 of 2nd period - Shot Blocked by Mark Fistric.
17:03 of 2nd period - Steven Stamkos is hit by Sean Couturier and loses puck.
17:20 of 2nd period - Sean Couturier is hit by Marcus Foligno and loses puck.
18:05 of 2nd period - Magnus Paajarvi-Svensson is hit by Ales Hemsky and loses puck.
18:26 of 2nd period - Wrist shot by Wayne Simmonds.
18:26 of 2nd period - Shot Blocked by Maxime Sauvé.
18:28 of 2nd period - Slapshot by Kurtis Foster.
18:28 of 2nd period - Deflect By Wayne Simmonds.
18:28 of 2nd period - Stopped by Mike Condon with a rebound.
19:43 of 2nd period - Icing by Keith Aulie.
19:44 of 2nd period - Logan Couture wins face-off versus Milan Lucic in Penguins zone.
19:48 of 2nd period - Off-side.
19:49 of 2nd period - Logan Couture wins face-off versus Sean Couturier in neutral zone.
19:52 of 2nd period - Wrist shot by Logan Couture.
19:52 of 2nd period - Stopped by Mike Condon with a rebound.
19:54 of 2nd period - Wrist shot by Cal Clutterbuck.
19:54 of 2nd period - Deflect By Cam Barker.
19:54 of 2nd period - Goal by Cal Clutterbuck - Penguins : 3 - Rangers : 3.
19:55 of 2nd period - Steven Stamkos wins face-off versus Sean Couturier in neutral zone.
Goals for this period are 3 for Penguins vs 1 for Rangers.
Shots for this period are 12 for Penguins vs 15 for Rangers.
3rd period
0:01 of 3rd period - Sean Couturier wins face-off versus Steven Stamkos in neutral zone.
0:26 of 3rd period - Kyle Okposo is hit by Sean Zimmerman and loses puck.
0:35 of 3rd period - Snap shot by Logan Couture.
0:35 of 3rd period - Shot Misses the Net.
0:37 of 3rd period - Wrist shot by Cal Clutterbuck.
0:37 of 3rd period - Stopped by Mike Condon with a rebound.
0:52 of 3rd period - Off-side.
0:53 of 3rd period - Artem Anisimov wins face-off versus Steven Stamkos in neutral zone.
1:24 of 3rd period - Snap shot by Joe Colborne.
1:24 of 3rd period - Shot Blocked by Cam Barker.
1:26 of 3rd period - Snap shot by Marcus Foligno.
1:26 of 3rd period - Goal by Marcus Foligno - Penguins : 4 - Rangers : 3.
1:27 of 3rd period - Jakob Silfverberg wins face-off versus Steven Stamkos in neutral zone.
2:40 of 3rd period - Roman Josi is hit by Jakob Silfverberg and loses puck.
2:45 of 3rd period - Wrist shot by Milan Lucic.
2:45 of 3rd period - Shot Blocked by Roman Josi.
2:47 of 3rd period - Slapshot by Colten Teubert.
2:47 of 3rd period - Stopped by Sergei Bobrovsky without a rebound.
2:48 of 3rd period - Sean Couturier wins face-off versus Logan Couture in Penguins zone.
2:53 of 3rd period - Slapshot by Milan Lucic.
2:53 of 3rd period - Shot Misses the Net.
3:22 of 3rd period - Wrist shot by Tomas Hertl.
3:22 of 3rd period - Shot Blocked by Ales Hemsky.
3:50 of 3rd period - Kurtis Foster is hit by Tomas Hertl and loses puck.
3:55 of 3rd period - Snap shot by James Neal.
3:55 of 3rd period - Stopped by Sergei Bobrovsky without a rebound.
3:56 of 3rd period - Steven Stamkos wins face-off versus Sean Couturier in Penguins zone.
3:56 of 3rd period - Steven Stamkos is hit by Luke Schenn.
4:20 of 3rd period - Icing by Sean Zimmerman.
4:21 of 3rd period - Steven Stamkos wins face-off versus Maxime Sauvé in Penguins zone.
4:48 of 3rd period - Logan Couture is hit by Sean Couturier and loses puck.
5:53 of 3rd period - Maxime Sauvé is hit by Cal Clutterbuck and loses puck.
6:04 of 3rd period - Keith Aulie is hit by Jakob Silfverberg and loses puck.
6:23 of 3rd period - Wrist shot by Marcus Foligno.
6:23 of 3rd period - Stopped by Mike Condon with a rebound.
6:25 of 3rd period - Snap shot by Roman Josi.
6:25 of 3rd period - Stopped by Mike Condon without a rebound.
6:26 of 3rd period - Ryan O'Reilly wins face-off versus Artem Anisimov in Rangers zone.
6:50 of 3rd period - Roman Josi is hit by Sean Couturier and loses puck.
7:07 of 3rd period - Minor Penalty to Eric Gryba for Charging.
7:08 of 3rd period - Steven Stamkos wins face-off versus Sean Couturier in Penguins zone.
7:21 of 3rd period - Snap shot by Milan Lucic.
7:21 of 3rd period - Shot Blocked by Sean Zimmerman.
7:23 of 3rd period - Slapshot by Luke Schenn.
7:23 of 3rd period - Deflect By Wayne Simmonds.
7:23 of 3rd period - Stopped by Sergei Bobrovsky without a rebound.
7:24 of 3rd period - Sean Couturier wins face-off versus Steven Stamkos in Penguins zone.
9:07 of 3rd period - Penalty to Eric Gryba is over, Eric Gryba is back on ice.
9:11 of 3rd period - Icing by Sean Zimmerman.
9:12 of 3rd period - Maxime Sauvé wins face-off versus Steven Stamkos in Penguins zone.
9:43 of 3rd period - Wrist shot by Magnus Paajarvi-Svensson.
9:43 of 3rd period - Shot Misses the Net.
10:10 of 3rd period - Slapshot by Milan Lucic.
10:10 of 3rd period - Deflect By Jakob Silfverberg.
10:10 of 3rd period - Shot Blocked by Keith Aulie.
10:10 of 3rd period - Puck is out of play.
10:11 of 3rd period - Joe Colborne wins face-off versus Sean Couturier in Penguins zone.
10:11 of 3rd period - Joe Colborne is hit by Sean Couturier.
10:53 of 3rd period - Backhand shot by Brady Skjei.
10:53 of 3rd period - Shot Blocked by Mark Fistric.
11:13 of 3rd period - Wrist shot by Joe Colborne.
11:13 of 3rd period - Shot Misses the Net.
11:15 of 3rd period - Slapshot by Kurtis Foster.
11:15 of 3rd period - Stopped by Mike Condon with a rebound.
11:17 of 3rd period - Snap shot by Joe Colborne.
11:17 of 3rd period - Shot Misses the Net.
11:19 of 3rd period - Slapshot by Kurtis Foster.
11:19 of 3rd period - Stopped by Mike Condon without a rebound.
11:20 of 3rd period - Ryan O'Reilly wins face-off versus Tomas Hertl in Rangers zone.
11:45 of 3rd period - Steven Stamkos is hit by Luke Schenn and loses puck.
11:55 of 3rd period - Minor Penalty to Andrew Cogliano for Tripping.
11:56 of 3rd period - Steven Stamkos wins face-off versus Tomas Hertl in Penguins zone.
13:55 of 3rd period - Penalty to Andrew Cogliano is over, Andrew Cogliano is back on ice.
14:50 of 3rd period - Backhand shot by Matt Read.
14:50 of 3rd period - Shot Misses the Net.
14:52 of 3rd period - Slapshot by Colten Teubert.
14:52 of 3rd period - Shot Misses the Net.
14:54 of 3rd period - Snap shot by Matt Read.
14:54 of 3rd period - Stopped by Sergei Bobrovsky without a rebound.
14:55 of 3rd period - Logan Couture wins face-off versus Sean Couturier in Penguins zone.
15:00 of 3rd period - Wrist shot by Keith Aulie.
15:00 of 3rd period - Shot Blocked by Sean Couturier.
15:20 of 3rd period - Gustav Nyquist is hit by Wayne Simmonds and loses puck.
15:43 of 3rd period - Icing by Joe Colborne.
15:44 of 3rd period - Joe Colborne wins face-off versus Tomas Hertl in Penguins zone.
15:51 of 3rd period - Cam Barker is hit by Kurtis Foster and loses puck.
16:12 of 3rd period - Wrist shot by Ales Hemsky.
16:12 of 3rd period - Stopped by Mike Condon with a rebound.
16:14 of 3rd period - Snap shot by Ales Hemsky.
16:14 of 3rd period - Stopped by Mike Condon without a rebound.
16:15 of 3rd period - Logan Couture wins face-off versus Sean Couturier in Rangers zone.
16:30 of 3rd period - Snap shot by Logan Couture.
16:30 of 3rd period - Stopped by Mike Condon without a rebound.
16:31 of 3rd period - Maxime Sauvé wins face-off versus Steven Stamkos in Rangers zone.
16:55 of 3rd period - Chris Bourque is hit by Sean Zimmerman and loses puck.
17:14 of 3rd period - Snap shot by Steven Stamkos.
17:14 of 3rd period - Stopped by Mike Condon with a rebound.
17:16 of 3rd period - Snap shot by Steven Stamkos.
17:16 of 3rd period - Shot Blocked by Luke Schenn.
17:26 of 3rd period - Snap shot by Steven Stamkos.
17:26 of 3rd period - Stopped by Mike Condon without a rebound.
17:27 of 3rd period - Logan Couture wins face-off versus Sean Couturier in Rangers zone.
17:30 of 3rd period - Snap shot by Cal Clutterbuck.
17:30 of 3rd period - Stopped by Mike Condon without a rebound.
17:31 of 3rd period - Sean Couturier wins face-off versus Logan Couture in Rangers zone.
17:31 of 3rd period - Sean Couturier is hit by Cal Clutterbuck.
17:39 of 3rd period - Logan Couture is hit by Sean Couturier and loses puck.
18:05 of 3rd period - Wrist shot by Kyle Okposo.
18:05 of 3rd period - Shot Misses the Net.
18:07 of 3rd period - Slapshot by Mark Fistric.
18:07 of 3rd period - Shot Misses the Net.
18:17 of 3rd period - Snap shot by Wayne Simmonds.
18:17 of 3rd period - Stopped by Mike Condon without a rebound.
18:18 of 3rd period - Steven Stamkos wins face-off versus Artem Anisimov in Rangers zone.
18:19 of 3rd period - Slapshot by Keith Aulie.
18:19 of 3rd period - Shot Blocked by Luke Schenn.
18:47 of 3rd period - Rangers, Mike Condon is pulled from the net.
18:56 of 3rd period - Minor Penalty to Wayne Simmonds for Tripping.
18:57 of 3rd period - Sean Couturier wins face-off versus Steven Stamkos in Penguins zone.
18:57 of 3rd period - Wrist shot by Milan Lucic.
18:57 of 3rd period - Stopped by Sergei Bobrovsky without a rebound.
18:58 of 3rd period - Michel Therrien call a timeout for Rangers.
18:58 of 3rd period - Steven Stamkos wins face-off versus Sean Couturier in Penguins zone.
19:15 of 3rd period - Slapshot by Gustav Nyquist.
19:15 of 3rd period - Shot Misses the Net.
19:31 of 3rd period - Slapshot by Kyle Okposo.
19:31 of 3rd period - Stopped by Sergei Bobrovsky with a rebound.
Goals for this period are 1 for Penguins vs 0 for Rangers.
Shots for this period are 13 for Penguins vs 6 for Rangers.
Back to the Top